 Dungeon Crawl Stone Soup version 0.16.0-11-gd45b091 (webtiles) character file.

11356 RobertPalmer the Covert (level 11, -4/62 (63) HPs)
             Began as an Octopode Artificer on Mar 17, 2015.
             Was a High Priest of Nemelex Xobeh.
             Slain by a spiny frog (13 damage)
             ... on level 2 of the Lair of Beasts on Mar 18, 2015.
             The game lasted 00:46:36 (16285 turns).

RobertPalmer the Covert (Octopode Artificer)       Turns: 16285, Time: 00:46:36

HP:   -4/62 (63)    AC:  2    Str: 11    XL:     11   Next: 76%
MP:   26/26         EV: 18    Int: 14    God:    Nemelex Xobeh [*****.]
Gold: 793           SH:  6    Dex: 16    Spells: 2 memorised, 3 levels left

rFire  . . .     SeeInvis +     a - +1 dagger (pierce)
rCold  . . .     Clarity  .     r - +1 buckler
rNeg   + . .     SustAb   .     L - +1 hat {SInv}
rPois  .         Gourm    .     S - amulet of resist mutation {rMut, !d}
rElec  .         Spirit   .     o - ring of magical power {MP+9}
rCorr  .         Warding  .     D - ring of positive energy {rN+}
rMut   +         Stasis   .     I - ring of stealth {Stlth+}
MR     .....                    (no ring)
Stlth  +++++++++.               (no ring)
                                (no ring)
                                (no ring)
                                (no ring)

@: lethally poisoned (-4 -> -18), not resistant to hostile enchantments,
incredibly stealthy
A: almost no armour, amphibious, 8 rings, constrict 8, camouflage 1, gelatinous
body 1
a: Triple Draw, Deal Four, Stack Five, Renounce Religion


You were on level 2 of the Lair of Beasts.
You worshipped Nemelex Xobeh.
Nemelex Xobeh was extremely pleased with you.
You were not hungry.

You visited 3 branches of the dungeon, and saw 13 of its levels.

You collected 893 gold pieces.

Inventory:

Hand weapons
 a - a +1 dagger of piercing (weapon)
   (You took it off an orc wizard on level 7 of the Dungeon)
 b - a +1 dagger of holy wrath
   (You took it off a kobold on level 8 of the Dungeon)
Missiles
 s - 17 poisoned needles
 J - a throwing net {=f, !d}
 Z - 5 curare-tipped needles
Armour
 r - a +1 buckler (worn)
   (You found it on level 2 of the Dungeon)
 L - a +1 hat of see invisible (worn)
   (You took it off Gastronok on level 9 of the Dungeon)
Jewellery
 o - a ring of magical power (left tentacle) {MP+9}
   (You found it on level 2 of the Dungeon)
 D - a ring of positive energy (right tentacle) {rN+}
   (You found it on level 7 of the Dungeon)
 I - a ring of stealth (on tentacle) {Stlth+}
   (You found it on level 1 of the Lair of Beasts)
 M - an uncursed ring of ice {rC+, rF-}
   (You found it on level 9 of the Dungeon)
 S - an amulet of resist mutation (around mantle) {rMut, !d}
   (You found it on level 10 of the Dungeon)
Magical devices
 c - a wand of enslavement (9)
 t - a wand of teleportation (5)
   (You found it on level 3 of the Dungeon)
 G - a wand of confusion (0)
   (You found it on level 1 of the Lair of Beasts)
 H - a wand of confusion (14)
   (You found it on level 1 of the Lair of Beasts)
 Q - a wand of slowing (31)
   (You found it on level 10 of the Dungeon)
 R - a wand of slowing (35)
   (You found it on level 2 of the Lair of Beasts)
 V - a wand of enslavement (10)
   (You found it on level 10 of the Dungeon)
 Y - a wand of draining (6)
   (You found it on level 1 of the Lair of Beasts)
Scrolls
 i - 4 scrolls of remove curse
 m - 2 scrolls of recharging
 q - 3 scrolls of immolation {!r}
 P - a scroll of teleportation {unknown}
 X - a scroll of identify
Potions
 g - 4 potions of mutation {!q}
 j - 3 potions of restore abilities
 k - a potion of cancellation {unknown}
 l - a potion of poison {unknown}
 n - 3 potions of haste
 u - a potion of resistance {unknown}
 x - a potion of invisibility {unknown}
 A - a potion of berserk rage {!q}
 B - a potion of brilliance {unknown}
 C - a potion of flight {unknown}
 K - a potion of lignification {unknown}
 T - a potion of beneficial mutation {unknown}
Books
 y - a book of Necromancy
   (You found it on level 9 of the Dungeon)
 E - a Grand Grimoire {highlevel, unknown}
   (You found it on level 7 of the Dungeon)
 N - a book of Party Tricks
   (You found it on level 9 of the Dungeon)
Miscellaneous
 d - a legendary deck of escape {drawn: 7}
   (Nemelex Xobeh gifted it to you on level 1 of the Lair of Beasts)
 v - a legendary deck of escape {drawn: 3}
   (Nemelex Xobeh gifted it to you on level 2 of the Lair of Beasts)
 O - a plain deck of destruction
   (Nemelex Xobeh gifted it to you on level 10 of the Dungeon)
 U - a plain deck of destruction {drawn: 3}
   (Nemelex Xobeh gifted it to you on level 1 of the Lair of Beasts)
Comestibles
 f - 6 bread rations {@e1}
 h - 4 meat rations {@e2}
 p - 10 fruits
 w - 9 slices of pizza
 z - 4 chunks of flesh {@w0}


   Skills:
 - Level 1.0 Fighting
 - Level 7.2 Short Blades
 - Level 8.8 Dodging
 - Level 14.0 Stealth
 - Level 3.4 Shields
 + Level 9.7 Hexes
 - Level 3.2 Evocations


You had 3 spell levels left.
You knew the following spells:

 Your Spells              Type           Power        Failure   Level  Hunger
a - Invisibility          Hex            ####....     87%         6    #######
A - Animate Skeleton      Necr           N/A          30%         1    ##.....


Dungeon Overview and Level Annotations

Branches:
Dungeon (10/15)            Temple (1/1) D:6            Lair (2/8) D:9
    Orc (0/4) D:9

Altars:
Ashenzari
Cheibriados
Dithmenos
Fedhas
Gozag
Kikubaaqudgha
Makhleb
Nemelex Xobeh
Okawaru
Qazlal
Ru
Sif Muna
Trog
Vehumet
Xom
Yredelemnul
Zin
The Shining One

Annotations:
D:10 exclusion: hydra
Lair:2 Harold


Innate Abilities, Weirdness & Mutations

You cannot wear most types of armour.
You are amphibious.
You can wear up to eight rings at the same time.
You can use your tentacles to constrict many enemies at once.
Your skin changes colour to match your surroundings (Stealth).
Your rubbery body absorbs attacks (AC +1).


Message History

Your air elemental hits the blink frog!
The blink frog barely misses you.
Your air elemental closely misses the blink frog.
Lightning arcs down from a storm cloud!
You completely miss the blink frog.
Your grab passes through the blink frog as it momentarily phases out.
Your squeeze passes through the blink frog as it momentarily phases out.
You hear a bellow! x2
Your air elemental merges itself into the air.
Your air elemental misses the blink frog.
The blink frog blinks!
The blink frog momentarily phases out as your air elemental's attack passes through it.
Your air elemental disappears in a puff of smoke!
You completely miss the blink frog.
Your air elemental forms itself from the air!
Your grab misses the blink frog.
Your squeeze passes through the blink frog as it momentarily phases out.
The blink frog blinks!
Your air elemental hits the blink frog!
The blink frog blinks!
Lightning arcs down from a storm cloud!
You hear a bellow! x2
The blink frog closely misses your air elemental.
Your air elemental completely misses the blink frog.
The blink frog blinks!
The blink frog blinks!
Your air elemental merges itself into the air.
Your air elemental forms itself from the air!
Your air elemental merges itself into the air.
Your air elemental forms itself from the air!
Your air elemental misses the blink frog.
Your air elemental completely misses the blink frog.
The blink frog blinks!
Your air elemental merges itself into the air.
Your air elemental forms itself from the air!
The blink frog momentarily phases out as your air elemental's attack passes through it.
The blink frog hits your air elemental.
You catch the helpless blink frog momentarily off-guard.
You impale the blink frog!!!
You kill the blink frog!
Your air elemental merges itself into the air.
A giant frog comes into view.
There is a stone staircase leading down here.
Your air elemental disappears in a puff of smoke!
The giant frog closely misses you.
You hit the giant frog! Your grab misses the giant frog.
The giant frog misses you.
You barely miss the giant frog. You grab the giant frog.
You constrict the giant frog. The giant frog misses you.
You hit the giant frog!
You kill the giant frog!
No target in view!
You see here a giant frog corpse.
You attempt to give life to the dead...
Before your eyes, flesh is ripped from the corpse!
The dead are hopping!
z - 4 chunks of flesh {@w0} You now have 25/26 mp.
MP restored: 26 A spiny frog comes into view.
You closely miss the spiny frog. Your grab misses the spiny frog.
You squeeze the spiny frog. The spiny frog stings you!
You take 11 damage, and have 51/62 hp.
You hit the spiny frog but do no damage.
You grab the spiny frog.
You constrict the spiny frog, but do no damage.
The spiny frog stings you!!
Your giant frog skeleton hits the spiny frog.
You take 19 damage, and have 32/62 hp.
MASSIVE DAMAGE!!
You hit the spiny frog!
You squeeze the spiny frog, but do no damage.
You constrict the spiny frog, but do no damage.
Your giant frog skeleton hits the spiny frog but does no damage.
The spiny frog completely misses you.
You hit the spiny frog but do no damage.
You squeeze the spiny frog. You constrict the spiny frog.
Your giant frog skeleton hits the spiny frog.
The spiny frog completely misses you.
You hit the spiny frog but do no damage.
You squeeze the spiny frog!
You constrict the spiny frog, but do no damage.
Your giant frog skeleton hits the spiny frog.
The spiny frog stings you!!
* * * LOW HITPOINT WARNING * * *
You are lethally poisoned!
The spiny frog poisons you!
You take 21 damage, and have 11/62 hp.
MASSIVE DAMAGE!!
Drink which item? (? for menu, Esc to quit)
Okay, then.
Drink which item? (? for menu, Esc to quit)
Okay, then.
Aim: a spiny frog (severely wounded, constricted by you, chance 52%)
The spiny frog resists with significant effort.
This wand has 14 charges left.
You constrict the spiny frog.
* * * LOW HITPOINT WARNING * * *
You feel sick.
Your giant frog skeleton hits the spiny frog.
The spiny frog stings you!
You die...
Your body glows slightly and disappears.

........................##
........................#
#........##P.>.........#.#
..........#......#.#.....#
..........##.....####..###
...#............P##.#....
....##......(...##.#....P
....######......Z........
#...# #......@F....#
##..## #.#........####
###..# ###.....####
.#...#### ##.#..##
#.......# ##...P#
#......## ###..P.#
........# #....##.#
........###...P# ##
.....#...###..##


You could see a spiny frog and a friendly giant frog skeleton.

Vanquished Creatures
  Gastronok (D:9)
  2 spiny frogs (Lair:1)
  A centaur zombie (D:8)
  A two-headed ogre (D:10)
  Prince Ribbit (Lair:2)
  2 blink frogs (Lair:2)
  3 hippogriffs
  12 yaks
  A human (D:8)
  2 hungry ghosts
  Menkaure (D:5)
  4 wolves
  2 necrophages
  3 orc warriors
  3 water moccasins (Lair:1)
  A black bear (Lair:2)
  A swamp drake (D:8)
  A porcupine (Lair:1)
  A wasp (D:7)
  An ice beast (D:9)
  2 sky beasts
  3 crocodiles
  An ogre (D:8)
  2 phantoms
  2 centaurs (D:9)
  A big kobold (D:8)
  A gnoll sergeant (D:9)
  9 giant frogs
  2 scorpions
  A yak skeleton (Lair:2)
  2 giant frog zombies
  13 crimson imps
  8 hounds
  A goliath beetle (D:9)
  4 iguanas
  A jelly (D:9)
  6 orc priests
  9 orc wizards
  2 giant frog skeletons
  A quasit (D:8)
  5 worker ants
  A sheep (D:9)
  A hound skeleton (D:4)
  2 worker ant zombies
  7 adders
  2 gnolls
  3 river rats (Lair:2)
  A giant mite (D:5)
  2 shadow imps
  A giant eyeball (D:5)
  3 worms
  An adder skeleton (D:6)
  An adder zombie (D:10)
  A giant gecko (D:4)
  49 orcs
  A ball python (D:2)
  9 bats
  2 giant cockroaches
  18 hobgoblins
  3 jackals (D:3)
  2 quokkas (Lair:2)
  17 giant newts
  9 goblins
  A jackal skeleton (D:3)
  12 kobolds
  A quokka skeleton (D:7)
  8 rats
  2 ballistomycetes
  2 fungi
  A plant (Lair:2)
283 creatures vanquished.

Vanquished Creatures (collateral kills)
  A spiny frog (Lair:1)
  A komodo dragon (Lair:1)
  3 yaks (Lair:2)
  A hippogriff (D:8)
  2 wolves (Lair:2)
  A porcupine (Lair:1)
  2 water moccasins
  A giant frog (Lair:1)
  A hound (Lair:2)
  2 river rats (Lair:2)
  A worm (D:5)
  6 orcs
  A bat (D:5)
  A giant gecko (D:6)
  A butterfly (Lair:2)
  A fungus (Lair:2)
26 creatures vanquished.

Vanquished Creatures (others)
  An air elemental (Lair:2)
  A dancing weapon (Lair:1)
  A black mamba skeleton (Lair:2)
  A spiny frog skeleton (Lair:1)
  A water moccasin skeleton (Lair:2)
  3 yak skeletons (Lair:1)
  A wolf skeleton (Lair:2)
  2 orc priests
  A centaur skeleton (D:9)
  A giant frog skeleton (Lair:2)
  A crocodile skeleton (Lair:2)
  A hound skeleton (Lair:2)
  2 gnolls (D:9)
  An orc skeleton (D:9)
  An orc (D:5)
  2 giant spores
  2 fungi (Lair:2)
23 creatures vanquished.

Grand Total: 332 creatures vanquished

Notes
Turn   | Place    | Note
--------------------------------------------------------------
     0 | D:1      | RobertPalmer, the Octopode Artificer, began the quest for the Orb.
     0 | D:1      | Reached XP level 1. HP: 13/13 MP: 1/1
    86 | D:1      | Reached skill level 2 in Stealth
   329 | D:1      | Reached skill level 3 in Stealth
   329 | D:1      | Reached XP level 2. HP: 18/18 MP: 3/3
   814 | D:2      | Reached skill level 4 in Stealth
  1041 | D:2      | Found a shimmering altar of Xom.
  1046 | D:2      | Reached XP level 3. HP: 23/23 MP: 4/4
  1255 | D:2      | Reached skill level 1 in Shields
  1709 | D:3      | Reached skill level 2 in Shields
  1827 | D:3      | Reached XP level 4. HP: 26/28 MP: 6/6
  2184 | D:3      | Noticed an air elemental
  2186 | D:3      | Found a stormy altar of Qazlal.
  2188 | D:3      | Noticed an earth elemental
  2190 | D:3      | Noticed a fire elemental
  2190 | D:3      | Noticed a water elemental
  2239 | D:3      | Reached skill level 3 in Shields
  2260 | D:3      | Reached XP level 5. HP: 22/33 MP: 7/7
  2669 | D:3      | Reached skill level 5 in Stealth
  2904 | D:4      | Reached skill level 6 in Stealth
  2993 | D:4      | Reached XP level 6. HP: 38/38 MP: 9/9
  3122 | D:4      | Reached skill level 7 in Stealth
  3544 | D:5      | Entered Level 5 of the Dungeon
  3633 | D:5      | HP: 9/38 [orc priest (4)]
  3634 | D:5      | Reached skill level 3 in Dodging
  4091 | D:5      | Reached XP level 7. HP: 40/42 MP: 10/10
  4109 | D:5      | Reached skill level 4 in Dodging
  4208 | D:5      | Noticed Edmund
  4229 | D:5      | Noticed Edmund
  4229 | D:5      | Edmund changed into Edmund the giant eyeball
  4232 | D:5      | Paralysed by Edmund for 2 turns
  4234 | D:5      | Killed Edmund the giant eyeball
  4254 | D:5      | Found an opulent altar of Gozag.
  4514 | D:5      | Noticed Menkaure
  4547 | D:5      | Killed Menkaure
  4547 | D:5      | Reached skill level 5 in Dodging
  5302 | D:6      | Noticed a hungry ghost
  5343 | D:6      | HP: 10/42 [kobold (4)]
  5346 | D:6      | HP: 4/42 [kobold (1)]
  5347 | D:6      | Killed a hungry ghost
  5347 | D:6      | Reached skill level 6 in Dodging
  5576 | D:6      | Found a bloodstained altar of Trog.
  5630 | D:6      | Found a staircase to the Ecumenical Temple.
  5648 | Temple   | Entered the Ecumenical Temple
  5835 | Temple   | Became a worshipper of Nemelex Xobeh the Trickster
  5913 | D:6      | Received a gift from Nemelex Xobeh
  6193 | D:6      | Reached XP level 8. HP: 47/47 MP: 12/12
  6511 | D:6      | Found a shimmering altar of Xom.
  6719 | D:7      | Reached skill level 7 in Dodging
  7078 | D:7      | Reached skill level 8 in Dodging
  7448 | D:7      | Found an ancient bone altar of Kikubaaqudgha.
  7451 | D:7      | Found a blossoming altar of Fedhas.
  7754 | D:8      | Noticed a centaur zombie
  7756 | D:8      | Found a glowing golden altar of the Shining One.
  7790 | D:8      | HP: 7/47 [centaur zombie (5)]
  8152 | D:8      | Reached skill level 2 in Short Blades
  8190 | D:8      | Reached skill level 3 in Short Blades
  8190 | D:8      | Reached XP level 9. HP: 14/52 MP: 13/13
  8190 | D:8      | HP: 13/52 [crimson imp (1)]
  8203 | D:8      | HP: 11/52 [crimson imp (3)]
  8207 | D:8      | Reached skill level 4 in Short Blades
  8216 | D:8      | HP: 10/52 [crimson imp (2)]
  8586 | D:8      | Reached skill level 5 in Short Blades
  8688 | D:8      | Killed a centaur zombie
  8688 | D:8      | Reached skill level 6 in Short Blades
  8743 | D:8      | HP: 12/52 [sky beast (3)]
  9061 | D:8      | Reached skill level 7 in Short Blades
  9112 | D:9      | Received a gift from Nemelex Xobeh
  9120 | D:9      | Found a staircase to the Lair.
  9245 | D:9      | Reached skill level 8 in Stealth
  9357 | D:9      | Found a staircase to the Orcish Mines.
  9429 | D:9      | Learned a level 1 spell: Animate Skeleton
  9468 | D:9      | Noticed Gastronok
  9530 | D:9      | Reached skill level 9 in Stealth
  9678 | D:9      | Found a shadowy altar of Dithmenos.
  9702 | D:9      | Reached skill level 10 in Stealth
  9702 | D:9      | Reached XP level 10. HP: 20/57 MP: 15/15
  9943 | D:9      | Received a gift from Nemelex Xobeh
 10200 | D:9      | Reached skill level 11 in Stealth
 10213 | D:9      | Reached skill level 12 in Stealth
 10556 | D:9      | Killed Gastronok
 10556 | D:9      | Reached skill level 14 in Stealth
 10609 | D:10     | Entered Level 10 of the Dungeon
 10615 | D:10     | Learned a level 3 spell: Tukima's Dance
 10841 | D:10     | Reached skill level 1 in Hexes
 10950 | D:10     | Reached skill level 2 in Hexes
 11048 | D:10     | Noticed an eight-headed hydra
 11141 | D:10     | Received a gift from Nemelex Xobeh
 11301 | D:10     | Reached skill level 3 in Hexes
 11346 | D:10     | Acquired Nemelex Xobeh's first power
 11395 | D:10     | Received a gift from Nemelex Xobeh
 11667 | D:9      | Reached skill level 4 in Hexes
 11872 | Lair:1   | Entered Level 1 of the Lair of Beasts
 11966 | D:9      | HP: 11/57 [hippogriff (10)]
 12242 | D:8      | Reached XP level 11. HP: 62/62 MP: 17/17
 12301 | D:8      | Reached skill level 5 in Hexes
 12396 | D:8      | Received a gift from Nemelex Xobeh
 12463 | D:8      | Noticed a cyclops
 12526 | Lair:1   | Found a blossoming altar of Fedhas.
 12563 | Lair:1   | Reached skill level 6 in Hexes
 12768 | Lair:1   | Received a gift from Nemelex Xobeh
 13182 | Lair:1   | Reached skill level 7 in Hexes
 13198 | Lair:1   | Acquired Nemelex Xobeh's second power
 13212 | Lair:1   | Received a gift from Nemelex Xobeh
 13435 | Lair:1   | HP: 15/62 [poisoned by a spiny frog]
 13440 | Lair:1   | HP: 11/62 [poisoned by a spiny frog]
 13446 | Lair:1   | HP: 8/62 [poisoned by a spiny frog]
 13451 | Lair:1   | HP: 6/62 [poisoned by a spiny frog]
 13456 | Lair:1   | HP: 5/62 [poisoned by a spiny frog]
 13463 | Lair:1   | HP: 4/62 [poisoned by a spiny frog]
 13471 | Lair:1   | HP: 4/62 [poisoned by a spiny frog]
 14314 | Lair:1   | Reached skill level 8 in Hexes
 14423 | Lair:1   | Learned a level 6 spell: Invisibility
 14424 | Lair:2   | Received a gift from Nemelex Xobeh
 15055 | Lair:2   | Reached skill level 9 in Hexes
 15146 | Lair:2   | Acquired Nemelex Xobeh's third power
 15172 | Lair:2   | Noticed Harold
 15780 | Lair:2   | Noticed Prince Ribbit
 15959 | Lair:2   | Killed Prince Ribbit
 16284 | Lair:2   | HP: 11/62 [spiny frog (21)]
 16285 | Lair:2   | Slain by a spiny frog

Action                   |  1- 3 |  4- 6 |  7- 9 | 10-12 || total
-------------------------+-------+-------+-------+-------++-------
Melee: Short sword       |    72 |   106 |    88 |       ||   266
       Dagger            |       |       |   228 |   323 ||   551
Throw: Javelin           |       |       |    10 |    32 ||    42
 Cast: Animate Skeleton  |       |       |       |    21 ||    21
Evoke: Wand              |     3 |    19 |    24 |    27 ||    73
       Deck              |       |       |     9 |    38 ||    47
  Use: Scroll            |     3 |       |    11 |    10 ||    24
       Potion            |       |     2 |     1 |       ||     3
 Stab: Sleeping          |     5 |    11 |    15 |    12 ||    43
       Distracted        |       |       |     2 |     7 ||     9
       Confused          |       |       |       |     4 ||     4
  Eat: Chunk             |     3 |     7 |     9 |    22 ||    41
       Bread ration      |       |       |     2 |       ||     2
       Beef jerky        |       |       |     1 |     1 ||     2
       Fruit             |       |       |     1 |       ||     1
       Royal jelly       |       |       |       |     1 ||     1

Vault maps used:
D:1:      scummos_arrival_star
D:2:      lemuel_round_altar, minmay_newt_pond
D:3:      nicolae_qazlal_style_of_elements
D:4:      first_bread
D:5:      grunt_gozag_breadcrumbs, uniq_edmund, uniq_menkaure
D:6:      temple_pool_b, hangedman_feature_mirror
D:7:      grunt_temple_overflow_growth_and_decay
D:8:      lemuel_doored_altar, grunt_pizzeria, minmay_nine_imps
D:9:      nicolae_dithmenos_the_darkroom, dpeg_oklobed_lair, hiddenorc1_lemuel,
          minivault_22, feat_on_display, uniq_gastronok
Temple:   oiseaux_autumnal_temple_12
Lair:1:   tgw_fedhas
Lair:2:   lemuel_fruit_fields, uniq_harold, uniq_prince_ribbit2

Table legend:
 A = Turns spent in this place as a percentage of turns spent in the entire game.
 B = Non-inter-level travel turns spent in this place as a percentage of non-inter-level travel turns spent in the entire game.
 C = Inter-level travel turns spent in this place as a percentage of turns spent in this place.
 D = Turns resting spent in this place as a percentage of non-inter-level travel turns spent in this place.
 E = Turns spent auto-exploring this place as a percentage of non-inter-level travel turns spent in this place.
 F = Non-inter-level travel turns spent in this place divided by the number of levels of this place that you've seen.
                   A       B       C       D       E      F
               +-------+-------+-------+-------+-------+----------------------
         Total | 100.0 | 100.0 |   0.3 |   2.2 |   3.9 | 477.7
       Dungeon |  72.6 |  72.5 |   0.4 |   2.2 |   5.0 | 450.4
        Temple |   3.4 |   3.3 |   0.5 |   0.0 |   0.0 | 208.0
          Lair |  24.1 |  24.1 |   0.0 |   2.5 |   1.3 | 749.0
               +-------+-------+-------+-------+-------+----------------------

Table legend:
 A = Kills in this place as a percentage of kills in entire the game.
 B = Kills by you in this place as a percentage of kills by you in the entire game.
 C = Kills by friends in this place as a percentage of kills by friends in the entire game.
 D = Other kills in this place as a percentage of other kills in the entire game.
 E = Experience gained in this place as a percentage of experience gained in the entire game.
 F = Experience gained in this place divided by the number of levels of this place that you have seen.
                   A       B       C       D       E      F
               +-------+-------+-------+-------+-------+----------------------
         Total | 100.0 | 100.0 | 100.0 |  -nan | 100.0 | 1247.9
       Dungeon |  82.9 |  86.1 |  45.8 |  -nan |  61.5 | 997.4
          Lair |  17.1 |  13.9 |  54.2 |  -nan |  38.5 | 3124.5
               +-------+-------+-------+-------+-------+----------------------
